 Dungeon Crawl Stone Soup version 0.29.0-4-gdea44cf6ec (webtiles) character file.

Game seed: 1075197700214698094

85 qw the Chopper (level 4, -1/26 HPs)
             Began as a Tengu Warper on Aug 28, 2022.
             Slain by a hobgoblin (3 damage)
             ... on level 3 of the Dungeon.
             The game lasted 00:00:14 (2383 turns).

qw the Chopper (Tengu Warper)                       Turns: 2383, Time: 00:00:14

Health: -1/26      AC:  6    Str: 14    XL:     4   Next: 48%
Magic:  8/8        EV:  9    Int: 13    God:
Gold:   119        SH:  0    Dex: 13    Spells: 7/7 levels left

rFire   . . .      SeeInvis .   Y - +3 hand axe
rCold   . . .      Faith    .   (no shield)
rNeg    . . .      Spirit   .   h - +0 scale mail
rPois   .          Reflect  .   (helmet restricted)
rElec   .          Harm     .   (no cloak)
rCorr   .          Rampage  .   (no gloves)
Will    .....                   (boots unavailable)
Stlth   ..........              (no amulet)
HPRegen 0.08/turn               (no ring)
MPRegen 0.11/turn               (no ring)

@: about to teleport
A: beak, talons 3
a: no special abilities


You were on level 3 of the Dungeon.
You visited 1 branch of the dungeon, and saw 3 of its levels.

You collected 119 gold pieces.


Innate Abilities, Weirdness & Mutations

You have a beak for a mouth.
You have claws for feet.


   Skills:
 - Level 2.0 Fighting
 + Level 5.0 Axes
 - Level 1.0 Throwing
 - Level 1.1 Armour
 - Level 2.1 Dodging
 - Level 2.0 Spellcasting
 - Level 2.4 Translocations


You had 7 spell levels left.
You didn't know any spells.
Your spell library contained the following spells:

 Spells                   Type           Power      Damage    Failure   Level
 Blink                    Tloc           14%        N/A       54%         2
 Gell's Gravitas          Tloc           7%         N/A       77%         3
 Lesser Beckoning         Tloc           7%         N/A       77%         3
 Teleport Other           Tloc           7%         N/A       77%         3
 Manifold Assault         Tloc           7%         N/A       100%        5

Inventory:

Hand Weapons
 c - a +0 whip
 Y - a +3 hand axe (weapon)
Armour
 h - a +0 scale mail (worn)
Jewellery
 d - an amulet of regeneration
Scrolls
 a - 2 scrolls of identify

Dungeon Overview and Level Annotations

Branches:
Dungeon (3/15)

Altars:

Shops:
D:2 (


Message History

You kill the rat!
You hit the hobgoblin. The hobgoblin barely misses you.
You hit the hobgoblin. You claw the hobgoblin.
You kill the hobgoblin!
You now have 119 gold pieces (gained 17).
d - an amulet of regeneration
Found 5 stones. 2 gnolls and a hobgoblin come into view.
A gnoll is wielding a +0 antimagic whip.
The gnoll shouts! x2; You hear a shout!
A gnoll comes into view. It is wielding a +0 whip.
A gnoll comes into view. It is wielding a +0 spear.
You see here 13 gold pieces.
Enter note: The gnoll shouts!
The gnoll throws a throwing net.
The throwing net hits you.
You become entangled in the net!
You see here a throwing net.
You struggle against the net.
You struggle against the net.
The gnoll hits you with a +0 whip. The hobgoblin barely misses you.
The gnoll hits you but does no damage.
You struggle against the net.
The gnoll hits you with a +0 whip. The hobgoblin hits you.
The gnoll barely misses you.
The gnoll hits you with a +0 antimagic whip.
You struggle against the net.
The gnoll barely misses you.
The hobgoblin hits you but does no damage.
The gnoll hits you but does no damage. x2
You shred the net and break free!
The gnoll hits you with a +0 antimagic whip.
The gnoll hits you with a +0 whip. x2; The hobgoblin barely misses you.
The gnoll hits you from afar with a +0 spear!
2383 ||| READING scroll of teleportation.
As you read the scroll of teleportation, it crumbles to dust.
You feel strangely unstable. The hobgoblin hits you.
You die...

..................
..................
..................
..................
........(.........
.................
.........$.......
...............
......g@g..##..
......g.g..# ..
.......g.......
##...#.........
#...#.........
#...#........# #..
#........# #.
#........#


You could see 4 gnolls and a hobgoblin.

Vanquished Creatures
  An adder (D:2)
  A worm (D:2)
  3 dart slugs (D:1)
  4 endoplasms
  9 giant cockroaches
  7 goblins
  8 hobgoblins
  4 jackals (D:1)
  3 kobolds (D:2)
  2 quokkas (D:1)
  4 ball pythons
  4 bats
  2 frilled lizards
  7 rats
59 creatures vanquished.

Notes
Turn   | Place    | Note
-------+----------+-------------------------------------------
     0 | D:1      | qw the Tengu Warper began the quest for the Orb.
     0 | D:1      | Reached XP level 1. HP: 12/12 MP: 4/4
     0 | D:1      | 0 ||| qw: Version: 0.1-a-89-g26bdef1
     0 | D:1      | 0 ||| qw: Game counter: 3283
     0 | D:1      | 0 ||| qw: Always use a shield: true
     0 | D:1      | 0 ||| qw: God list: Okawaru
     0 | D:1      | 0 ||| qw: Allow faded altars: false
     0 | D:1      | 0 ||| qw: Do Orc after D:15 true
     0 | D:1      | 0 ||| qw: Do second Lair branch before Depths: true
     0 | D:1      | 0 ||| qw: Lair rune preference: random
     0 | D:1      | 0 ||| qw: Plans: Normal
     0 | D:1      | 0 ||| PLANNING D:1-11
    12 | D:1      | 12 ||| Stepping ~*~*~tactically~*~*~ (stealth).
    28 | D:1      | HP: 3/12 [giant cockroach (1)]
    30 | D:1      | Reached skill level 3 in Axes
    30 | D:1      | Reached XP level 2. HP: 4/17 MP: 6/6
   317 | D:1      | 317 ||| Stepping ~*~*~tactically~*~*~ (hiding).
   320 | D:1      | 320 ||| Stepping ~*~*~tactically~*~*~ (stealth).
   323 | D:1      | 323 ||| Stepping ~*~*~tactically~*~*~ (stealth).
   338 | D:1      | 338 ||| Stepping ~*~*~tactically~*~*~ (hiding).
   465 | D:1      | 465 ||| Stepping ~*~*~tactically~*~*~ (stealth).
   560 | D:1      | Reached XP level 3. HP: 6/21 MP: 7/7
   764 | D:1      | 764 ||| Stepping ~*~*~tactically~*~*~ (stealth).
   911 | D:1      | 911 ||| Stepping ~*~*~tactically~*~*~ (stealth).
   974 | D:1      | 974 ||| Stepping ~*~*~tactically~*~*~ (stealth).
   988 | D:1      | Reached skill level 4 in Axes
   996 | D:1      | HP: 2/21 [dart slug/slug dart (6)]
  1421 | D:1      | 1421 ||| UPGRADING to +0 ring mail.
  1431 | D:1      | 1431 ||| DROPPING +0 leather armour.
  1432 | D:1      | 1432 ||| UPGRADING to +0 scale mail.
  1442 | D:1      | 1442 ||| DROPPING +0 ring mail.
  1443 | D:1      | 1443 ||| READING 3 scrolls labelled TINWIWK APUNK.
  1444 | D:1      | 1444 ||| READING 2 scrolls of enchant weapon.
  1444 | D:1      | 1444 ||| ENCHANTING +1 hand axe.
  1445 | D:1      | 1445 ||| READING scroll of enchant weapon.
  1445 | D:1      | 1445 ||| ENCHANTING +2 hand axe.
  1446 | D:1      | 1446 ||| READING scroll labelled JIURPH LOLLULL.
  1447 | D:1      | 1447 ||| DROPPING scroll of blinking.
  1464 | D:2      | 1464 ||| STAIRDANCE
  1626 | D:2      | Found Ydoac's Antique Weapon Shop.
  1634 | D:2      | 1634 ||| SHOPLISTING mace (75 gold, have 68).
  1634 | D:2      | 1634 ||| SHOPLISTING shimmering mace (200 gold, have 68).
  1634 | D:2      | 1634 ||| SHOPLISTING twisted war axe (212 gold, have 68).
  1746 | D:2      | 1746 ||| Stepping ~*~*~tactically~*~*~ (stealth).
  1754 | D:2      | Reached XP level 4. HP: 26/26 MP: 8/8
  1785 | D:2      | 1785 ||| Stepping ~*~*~tactically~*~*~ (stealth).
  1790 | D:2      | 1790 ||| FLEEEEING.
  1792 | D:2      | 1792 ||| FLEEEEING.
  1793 | D:2      | 1793 ||| FLEEEEING.
  1794 | D:2      | 1794 ||| FLEEEEING.
  1795 | D:2      | 1795 ||| FLEEEEING.
  1798 | D:2      | 1798 ||| FLEEEEING.
  1801 | D:2      | 1801 ||| FLEEEEING.
  1802 | D:2      | 1802 ||| FLEEEEING.
  1803 | D:2      | 1803 ||| FLEEEEING.
  1804 | D:2      | 1804 ||| FLEEEEING.
  1805 | D:2      | 1805 ||| FLEEEEING.
  1806 | D:2      | 1806 ||| FLEEEEING.
  1807 | D:2      | 1807 ||| FLEEEEING.
  1808 | D:2      | 1808 ||| FLEEEEING.
  1809 | D:2      | 1809 ||| FLEEEEING.
  1810 | D:2      | 1810 ||| FLEEEEING.
  1958 | D:2      | 1958 ||| DROPPING +0 club.
  1972 | D:2      | 1972 ||| Stepping ~*~*~tactically~*~*~ (stealth).
  2022 | D:2      | 2022 ||| Stepping ~*~*~tactically~*~*~ (stealth).
  2029 | D:2      | Reached skill level 5 in Axes
  2306 | D:2      | 2306 ||| READING 3 scrolls labelled WOZOFY WALIM.
  2307 | D:2      | 2307 ||| READING 2 scrolls labelled MEUNEPR VORE.
  2382 | D:3      | HP: 2/26 [gnoll/+0 spear (8)]
  2383 | D:3      | 2383 ||| READING scroll of teleportation.
  2383 | D:3      | Slain by a hobgoblin

Levels and vault maps discovered:
D:1:      saegor_arrival_simple_c, layout_rooms
D:2:      layout_basic, serial_curves, eino_curves_04, eino_curves_02,
          serial_shops, nicolae_shop_stone, minmay_worlds_worst_comb
D:3:      layout_basic, hellmonk_ecumenical_altar_lost_god, uniq_grinder

Skill      XL: |  1  2  3  4 |
---------------+-------------+-----
Axes           | 3 4 5 |  5.0
Fighting       | |  2.0
Throwing       | |  1.0
Armour         | |  1.1
Dodging        | |  2.1
Spellcasting   | |  2.0
Translocations | |  2.4

Action                   |  1- 3 |  4- 6 || total
-------------------------+-------+-------++-------
Melee: Hand axe          |    88 |    37 ||   125
       Peck              |    15 |     5 ||    20
       Kick              |    15 |     7 ||    22
Throw: Boomerang         |     7 |       ||     7
  Use: Scroll            |     4 |     3 ||     7
Armor: Leather armour    |    21 |       ||    21
       Scale mail        |     5 |    16 ||    21
Dodge: Dodged            |    55 |    20 ||    75

Table legend:
 A = Non-vault XP
 B = Vault XP
 C = Vault XP percentage of total XP
 D = Non-vault monster count
 E = Vault monster count
 F = Vault count percentage of total count
                 A         B        C        D         E       F
            +---------+---------+-------+---------+---------+-------
      Total |     112 |      10 |   8.2 |      54 |       5 |   8.5
            +---------+---------+-------+---------+---------+-------
        D:1 |      55 |       0 |   0.0 |      29 |       0 |   0.0
        D:2 |      52 |      10 |  16.1 |      22 |       5 |  18.5
        D:3 |       5 |       0 |   0.0 |       3 |       0 |   0.0
            +---------+---------+-------+---------+---------+-------
